 Dungeon Crawl Stone Soup version 0.30.1-9-gdf580d7c3d (webtiles) character file.

Game seed: 15906075342232371310

1 Chiseanne the Magician (level 1, 0/13 HPs)
             Began as a Demonspawn Hedge Wizard on Sept 29, 2023.
             Slain by a hobgoblin (1 damage)
             ... on level 1 of the Dungeon.
             The game lasted 00:01:02 (167 turns).

Chiseanne the Magician (Demonspawn Hedge Wizard)     Turns: 167, Time: 00:01:03

Health: 0/13       AC:  2    Str: 10    XL:     1   Next: 16%
Magic:  1/4        EV: 12    Int: 15    God:
Gold:   0          SH:  0    Dex: 12    Spells: 5/6 levels left

rFire   . . .        a - +0 dagger
rCold   . . .        (no shield)
rNeg    . . .        b - +0 robe
rPois   .            c - +0 hat
rElec   .            (no cloak)
rCorr   .            (no gloves)
SInv    .            (no boots)
Will    .....        (no amulet)
Stlth   ++           (no ring)
HPRegen 0.22/turn    (no ring)
MPRegen 0.09/turn

%: no passive effects
@: no status effects
A: no striking features
a: no special abilities


You were on level 1 of the Dungeon.
You visited 1 branch of the dungeon, and saw 1 of its levels.

Inventory:

Hand Weapons
 a - a +0 dagger (weapon)
Armour
 b - a +0 robe (worn)
 c - a +0 hat (worn)
Scrolls
 e - a scroll of immolation {unknown}
Potions
 d - a potion of magic


   Skills:
 - Level 1.7 Dodging
 - Level 1.7 Stealth
 * Level 3.0 Spellcasting
 - Level 1.0 Conjurations
 - Level 1.0 Summonings
 - Level 0.8 Translocations


You had 5 spell levels left.
You knew the following spells:

 Your Spells              Type           Power      Damage    Failure   Level
a - Magic Dart            Conj           20%        1d4       13%         1

Your spell library contained the following spells:

 Spells                   Type           Power      Damage    Failure   Level
 Slow                     Hex            8%         N/A       21%         1
 Call Imp                 Summ           10%        N/A       21%         2
 Blink                    Tloc           8%         N/A       22%         2
 Cigotuvi's Dreadful Rot  Necr/Pois/Air  4%         N/A       30%         2
 Mephitic Cloud           Conj/Pois/Air  3%         N/A       45%         3


Dungeon Overview and Level Annotations

Branches:
Dungeon (1/15)

Altars:


Message History

Aiming: Magic Dart (safe; 13% risk of failure)
Press: ? - help, Shift-Dir - straight line, f/p - hobgoblin
Aim: a hobgoblin (severely wounded, 100% to hit)
The magic dart hits the giant cockroach but does no damage.
The giant cockroach is moderately wounded.
The giant cockroach barely misses you.
You hit the giant cockroach.
The giant cockroach is severely wounded.
The giant cockroach barely misses you. The hobgoblin closely misses you.
You completely miss the giant cockroach.
The giant cockroach is severely wounded.
The giant cockroach misses you. The giant cockroach closely misses you.
The hobgoblin hits you but does no damage.
You closely miss the giant cockroach.
The giant cockroach is heavily wounded.
The giant cockroach barely misses you. The hobgoblin hits you.
You hit the giant cockroach but do no damage.
The giant cockroach is heavily wounded.
The giant cockroach bites you but does no damage.
The hobgoblin barely misses you.
You hit the giant cockroach but do no damage.
The giant cockroach is heavily wounded.
The giant cockroach bites you. The hobgoblin barely misses you.
You hit the giant cockroach but do no damage.
The giant cockroach is heavily wounded.
The giant cockroach barely misses you. The hobgoblin hits you.
You hit the giant cockroach but do no damage.
The giant cockroach is heavily wounded.
The giant cockroach barely misses you. The giant cockroach closely misses you.
The hobgoblin hits you.
You hit the giant cockroach.
The giant cockroach is severely wounded.
The giant cockroach barely misses you. The hobgoblin hits you.
* * * LOW HITPOINT WARNING * * *
You closely miss the giant cockroach.
The giant cockroach is severely wounded.
The giant cockroach bites you.
* * * LOW HITPOINT WARNING * * *
The hobgoblin hits you.
You die...

........# ##......
........# #..♣..<.
......# ##......
.....###### #####'#
#...##...######...
#...#.............
#...#..⌠........⌠.
#Bg.#.............
####@..##...######...
#......###'## ##>#
###......# #..### ###
#........# ##...####
#........# ###....####
#........# ####...#.
#........# ###...
#.>......############.#
###...................#


You could see a giant cockroach and a hobgoblin.

Vanquished Creatures
  A hobgoblin (D:1)
1 creature vanquished.

Notes
Turn   | Place    | Note
-------+----------+-------------------------------------------
     0 | D:1      | Chiseanne the Demonspawn Hedge Wizard began the quest for
                  | the Orb.
     0 | D:1      | Reached XP level 1. HP: 13/13 MP: 4/4
   167 | D:1      | Slain by a hobgoblin

Illustrated notes

Levels and vault maps discovered:
D:1:      minmay_arrival_split_and_join, layout_basic, minmay_lizard_king

Action                     || total
---------------------------++-------
  Melee: Dagger            ||    11
   Cast: Magic Dart        ||     7
 Armour: Robe              ||     3
  Dodge: Dodged            ||    12
